 Dungeon Crawl Stone Soup version 0.24-a0-284-g9fb9971 (webtiles) character file.

Game seed: 8337464858791623361

197 Anon1729 the Sneak (level 5, -1/41 HPs)
             Began as a Vampire Monk on May 4, 2019.
             Killed by divine providence
             ... invoked by an orc priest
              (14 damage)
             ... on level 3 of the Dungeon.
             The game lasted 00:04:22 (1975 turns).

Anon1729 the Sneak (Vampire Monk)                   Turns: 1975, Time: 00:04:23

Health: -1/41      AC:  2    Str: 10    XL:     5   Next: 46%
Magic:  5/5        EV: 14    Int: 12    God:
Gold:   59         SH:  0    Dex: 18    Spells: 4/4 levels left

rFire    + . .     SeeInvis +   a - +0 falchion
rCold    + . .     Gourm    .   (no shield)
rNeg     . . .     Faith    .   b - +0 robe
rPois    .         Spirit   .   (no helmet)
rElec    .         Reflect  .   j - scarf {rC+ rF+}
rCorr    .         Harm     .   (no gloves)
MR       .....                  (no boots)
Stlth    +++.......             (no amulet)
HPRegen  0.33/turn              (no ring)
MPRegen  0.09/turn              (no ring)

@: regenerating quickly, heavily drained
A: fangs 3, see invisible, unbreathing
a: no special abilities


You were on level 3 of the Dungeon.
You were full.

You visited 1 branch of the dungeon, and saw 3 of its levels.

You collected 59 gold pieces.

Inventory:

Hand Weapons
 a - a +0 falchion (weapon)
Armour
 b - a +0 robe (worn)
 j - a scarf of resistance (worn)
 r - a cursed +0 robe
Jewellery
 k - an uncursed amulet of harm
Scrolls
 e - 2 scrolls of magic mapping {unknown}
 f - a scroll of remove curse {unknown}
 h - a scroll of random uselessness {unknown}
 i - a scroll of teleportation {unknown}
 m - 4 scrolls of identify {unknown}
 o - 3 scrolls of noise {unknown}
 q - a scroll of fear {unknown}
Potions
 c - 16 potions of blood
 d - a potion of brilliance {unknown}
 g - a potion of flight {unknown}
 l - 2 potions of haste {unknown}
 n - a potion of magic {unknown}
 p - a potion of cancellation {unknown}
 s - 3 potions of curing


   Skills:
 + Level 3.4(2.3) Fighting
 + Level 4.6(3.4) Long Blades
 + Level 4.2(3.0) Dodging
 + Level 4.6(3.4) Stealth


You had 4 spell levels left.
You didn't know any spells.
Your spell library was empty.

Dungeon Overview and Level Annotations

Branches:
Dungeon (3/15)

Altars:
Yredelemnul


Innate Abilities, Weirdness & Mutations

Your natural rate of healing is unusually fast.
You have razor-sharp teeth.
You have supernaturally acute eyesight. (SInv)
You can survive without breathing.


Message History

The orc wizard gestures wildly while chanting.
The orc wizard blinks!
You hit the orc wizard but do no damage.
The orc wizard gestures wildly while chanting.
The orc wizard blinks!
The orc priest hits you from afar with a +0 trident.
The orc wizard barely misses you.
You riposte.
You hit the orc wizard.
The orc wizard is lightly wounded.
You closely miss the orc wizard.
The orc wizard is lightly wounded.
The orc priest hits you from afar with a +0 trident.
The orc wizard gestures wildly while chanting.
The orc wizard blinks!
You hit the orc wizard but do no damage.
The orc wizard is lightly wounded.
The orc priest hits you from afar with a +0 trident!
The orc wizard hits you but does no damage.
The orc priest mumbles some strange prayers to Beogh against you.
Beogh smites you!
You die...

.#........##....##†.###.##.#
.#........###'####..##...#.#
..........# #.###......_....
#.####+#### #.....##.#...##
.# ....... #.######.##.##
..# ##.###. #.# #....###...#
# ..# ##########
####.......# #.#
..ooooo..### ##......[# .#
########@#.###..##..... .#
#......(...###...##
#.##.####........# #
#.####..###...# #.......# .#
#######.####..###
#.............#
#.###.#.#..##. #....÷...#


You could see an orc priest, 2 orc wizards and 2 orcs.

Vanquished Creatures
  A hound (D:3)
  Jessica (D:3)
  Robin (D:3)
  4 gnolls (D:3)
  3 adders
  2 worms (D:2)
  2 dart slugs
  A leopard gecko (D:3)
  5 giant cockroaches
  14 goblins
  7 hobgoblins
  2 quokkas (D:3)
  4 bats
  4 frilled lizards
  5 kobolds
  3 rats
59 creatures vanquished.

Vanquished Creatures (others)
  4 toadstools (D:1)
4 creatures vanquished.

Grand Total: 63 creatures vanquished

Notes
Turn   | Place    | Note
-------+----------+-------------------------------------------
     0 | D:1      | Anon1729 the Vampire Monk began the quest for the Orb.
     0 | D:1      | Reached XP level 1. HP: 17/17 MP: 1/1
    82 | D:1      | Reached XP level 2. HP: 17/23 MP: 2/2
   458 | D:2      | Reached XP level 3. HP: 29/29 MP: 3/3
   787 | D:2      | Noticed Robin
  1111 | D:3      | Killed Robin
  1116 | D:3      | Reached XP level 4. HP: 12/35 MP: 4/4
  1264 | D:3      | Noticed Jessica
  1295 | D:3      | Killed Jessica
  1466 | D:3      | Reached XP level 5. HP: 21/41 MP: 5/5
  1926 | D:3      | Found a basalt altar of Yredelemnul.
  1975 | D:3      | Killed from afar by an orc priest

Levels and vault maps discovered:
D:1:      ldierk_water_garden, layout_rooms
D:2:      layout_loops_corners, uniq_robin, uniq_sigmund
D:3:      layout_basic, nicolae_overflow_crystal_walls, first_ration,
          uniq_jessica

Skill      XL: |  1  2  3  4 |
---------------+-------------+-----
Fighting       | 3 |  3.4
Stealth        | 4 |  4.6
Long Blades    | 4 |  4.6
Dodging        | 4 |  4.2

Action                   |  1- 3 |  4- 6 || total
-------------------------+-------+-------++-------
Melee: Falchion          |    96 |    79 ||   175
       Bite              |    18 |    16 ||    34
  Use: Potion            |     1 |     8 ||     9
 Stab: Sleeping          |     7 |     4 ||    11
Armor: Robe              |    23 |     4 ||    27
Dodge: Dodged            |    76 |    53 ||   129
       Rpst.: Falchion   |    26 |    16 ||    42

Table legend:
 A = Non-vault XP
 B = Vault XP
 C = Vault XP percentage of total XP
 D = Non-vault monster count
 E = Vault monster count
 F = Vault count percentage of total count
                 A         B        C        D         E       F
            +---------+---------+-------+---------+---------+-------
      Total |     220 |      62 |  22.0 |      52 |       7 |  11.9
            +---------+---------+-------+---------+---------+-------
        D:1 |      27 |       0 |   0.0 |      17 |       0 |   0.0
        D:2 |      43 |       8 |  15.7 |      13 |       4 |  23.5
        D:3 |     150 |      54 |  26.5 |      22 |       3 |  12.0
            +---------+---------+-------+---------+---------+-------
